 Dungeon Crawl Stone Soup version 0.28.0-45-g0d030f2227 (webtiles) character file.

Game seed: 11213072780758794449

132 NinjaNoafa the Ruffian (level 4, 0/36 HPs)
             Began as a Draconian Transmuter on Apr 10, 2022.
             Slain by an ogre
             ... wielding a +0 giant spiked club
              (19 damage)
             ... on level 4 of the Dungeon.
             The game lasted 00:05:51 (2932 turns).

NinjaNoafa the Ruffian (Draconian Transmuter)       Turns: 2932, Time: 00:05:52

Health: 0/36       AC:  6    Str: 14    XL:     4   Next: 92%
Magic:  8/8        EV: 12    Int: 13    God:
Gold:   98         SH:  0    Dex: 12    Spells: 8/9 levels left

rFire   . . .      SeeInvis .     - Unarmed
rCold   . . .      Faith    .   (no shield)
rNeg    . . .      Spirit   .   (armour unavailable)
rPois   .          Reflect  .   (helmet restricted)
rElec   .          Harm     .   c - +0 cloak
rCorr   .          Rampage  .   (no gloves)
Will    .....                   (no boots)
Stlth   +.........              (no amulet)
HPRegen 0.12/turn               (no ring)
MPRegen 0.11/turn               (no ring)

@: about to teleport, on berserk cooldown
A: AC +5, unfitting armour, cold-blooded
a: no special abilities


You were on level 4 of the Dungeon.
You visited 1 branch of the dungeon, and saw 4 of its levels.

You collected 98 gold pieces.

Inventory:

Missiles
 b - 44 stones
 g - 6 datura-tipped darts
 i - 3 boomerangs (quivered)
 j - 2 throwing nets
Armour
 c - a +0 cloak (worn)
Wands
 n - a wand of paralysis (6)
Scrolls
 o - a scroll of noise
Potions
 f - a potion of ambrosia


   Skills:
 + Level 2.1 Fighting
 + Level 2.3 Dodging
 + Level 3.4 Unarmed Combat
 * Level 3.1 Spellcasting
 * Level 3.2 Transmutations


You had 8 spell levels left.
You knew the following spells:

 Your Spells              Type           Power      Damage    Failure   Level
a - Beastly Appendage     Tmut           20%        N/A       6%          1

Your spell library contained the following spells:

 Spells                   Type           Power      Damage    Failure   Level
 Wereblood                Tmut           10%        N/A       10%         2
 Spider Form              Tmut/Pois      6%         N/A       34%         3
 Ice Form                 Ice/Tmut       6%         N/A       75%         4


Dungeon Overview and Level Annotations

Branches:
Dungeon (4/15)
 Temple: D:4-7

Altars:


Innate Abilities, Weirdness & Mutations

Your plain brown scales are hard. (AC +5)
You cannot fit into any form of body armour.
You are cold-blooded and may be slowed by cold attacks.


Message History

You kill the gnoll!
You start resting.
You feel a strong urge to attack something.
You are no longer berserk.
You are exhausted.
You feel yourself slow down.
You start resting.
Your horns disappear.
Your talons disappear.
A centaur skeleton comes into view.
A centaur skeleton is nearby!
A centaur skeleton is nearby!
A centaur skeleton is nearby!
k - a scroll labelled WOITUGG XILORI An ogre comes into view.
It is wielding a +0 giant spiked club.
There are no items here.
It was a potion of heal wounds.
You feel much better.
It was a potion of curing.
You feel better.
As you read the scroll labelled SYUHEC WOZXOKK, it crumbles to dust.
It is a scroll of amnesia.
Really abort (and waste the scroll)? [Y]es or [N]o only, please.
Really abort (and waste the scroll)?
Okay, then.
As you read the scroll labelled YSUIXA GEIN, it crumbles to dust.
Your body is wracked with pain!
The ogre convulses!
It was a scroll of torment.
You feel yourself speed up.
As you read the scroll labelled FIEZAD VOLOFI, it crumbles to dust.
It is a scroll of enchant weapon.
You aren't carrying any weapons that can be enchanted.
The ogre closely misses you.
As you read the scroll labelled WOITUGG XILORI, it crumbles to dust.
You feel strangely unstable.
It was a scroll of teleportation.
The ogre barely misses you.
This is a scroll of acquirement!
Welcome back, NinjaNoafa the Draconian Transmuter.
Press ? for a list of commands and other information.
Something appears at your feet!
The ogre hits you with a +0 giant spiked club!!
Ouch! That really hurt!
You die...

############.##...##
...##...####'######
..............#
..............#
..............#
..............#
..............#
#..###..###..####
##..###....@#
..........O##
.........†...#
............>..#
#.####...####)## #
##### #)# ... .....
.......


You could see an ogre.

Vanquished Creatures
  A hound (D:4)
  3 gnolls (D:4)
  3 adders
  2 dart slugs
  An orc (D:3)
  2 ball pythons
  5 endoplasms
  2 giant cockroaches
  2 goblins
  3 hobgoblins
  2 jackals (D:1)
  4 kobolds
  2 quokkas
  3 bats
  2 frilled lizards (D:2)
  3 rats
40 creatures vanquished.

Notes
Turn   | Place    | Note
-------+----------+-------------------------------------------
     0 | D:1      | NinjaNoafa the Draconian Transmuter began the quest for the
                  | Orb.
     0 | D:1      | Reached XP level 1. HP: 16/16 MP: 3/3
   388 | D:1      | Reached XP level 2. HP: 19/23 MP: 3/5
   927 | D:1      | Found a faded altar of an unknown god.
  1399 | D:2      | Reached XP level 3. HP: 25/28 MP: 4/6
  2736 | D:3      | Reached XP level 4. HP: 30/36 MP: 6/8
  2925 | D:4      | Noticed an ogre
  2932 | D:4      | Identified a scroll of acquirement
  2932 | D:4      | Acquired 1091 gold pieces
  2932 | D:4      | Slain by an ogre

Illustrated notes

Levels and vault maps discovered:
D:1:      matt_arrival_spirals, layout_loops_ring,
          shapermc_ecumenical_altar_mp_vishouse
D:2:      layout_loops_corners, st_stairs_6, minmay_misc_feat_doors,
          chequers_mini_garden
D:3:      layout_basic
D:4:      layout_gridville, guppyfry_early_lair_pool

Skill      XL: |  1  2  3  4 |
---------------+-------------+-----
Dodging        | 2 |  2.3
Fighting       | 2 |  2.1
Transmutations | 3 |  3.2
Spellcasting   | 3 |  3.1
Unarmed Combat | |  3.4

Action                   |  1- 3 |  4- 6 || total
-------------------------+-------+-------++-------
Melee: Unarmed           |   101 |    14 ||   115
       Tailslap          |    13 |     1 ||    14
       Kick              |    12 |     4 ||    16
       Headbutt          |     6 |     1 ||     7
       Punch             |     1 |     1 ||     2
Throw: Boomerang         |     2 |       ||     2
 Cast: Beastly Appendage |    17 |     1 ||    18
  Use: Scroll            |       |     8 ||     8
       Potion            |       |     3 ||     3
 Stab: Sleeping          |     1 |       ||     1
Armor: Skin              |    31 |     6 ||    37
Dodge: Dodged            |    61 |    17 ||    78
